 Dungeon Crawl Stone Soup version 0.30-a0-377-g5cb311bc9f (webtiles) character file.

Game seed: 13520787208566455653

2529 pokeman the Thaumaturge (level 9, -4/51 HPs)
             Began as a Deep Elf Hedge Wizard on Nov 29, 2022.
             Was an Initiate of Vehumet.
             Slain by Pikel
             ... wielding a +0 whip of electrocution
              (19 damage)
             ... on level 7 of the Dungeon.
             The game lasted 00:21:42 (8510 turns).

pokeman the Thaumaturge (Deep Elf Hedge Wizard)     Turns: 8510, Time: 00:21:42

Health: -4/51      AC: 11    Str:  7    XL:     9   Next: 29%
Magic:  22/27      EV: 12    Int: 24    God:    Vehumet [......]
Gold:   789        SH:  0    Dex: 14    Spells: 24/32 levels left

rFire   . . .      SeeInvis .    c - +0 whip (venom)
rCold   . . .      Faith    .    (no shield)
rNeg    . . .      Spirit   .    p - +0 leather armour
rPois   +          Reflect  .    k - +2 hat
rElec   .          Harm     .    E - +0 cloak {Will+}
rCorr   .          Rampage  .    (no gloves)
Will    +....                    j - +0 pair of boots
Stlth   ++........               (no amulet)
HPRegen 0.28/turn                n - +4 ring of protection
MPRegen 0.20/turn                v - ring of poison resistance

@: no status effects
A: no striking features
a: Renounce Religion


You were on level 7 of the Dungeon.
You worshipped Vehumet.
Vehumet was noncommittal.
You visited 2 branches of the dungeon, and saw 8 of its levels.
You also visited: Sewer and Ossuary.

You collected 789 gold pieces.

Inventory:

Hand Weapons
 c - a +0 whip of venom (weapon)
 D - a +4 quarterstaff of chaos
Missiles
 t - a curare-tipped dart
Armour
 j - a +0 pair of boots (worn)
 k - a +2 hat (worn)
 p - a +0 leather armour (worn)
 y - an orb of mayhem
 E - a +0 cloak of willpower (worn)
Magical Staves
 w - a staff of air
Jewellery
 n - a +4 ring of protection (left hand)
 v - a ring of poison resistance (right hand)
 C - a ring of ice
Scrolls
 a - 3 scrolls of immolation {unknown}
 e - 2 scrolls of summoning {unknown}
 f - 5 scrolls of amnesia {unknown}
 g - 2 scrolls of teleportation {unknown}
 l - a scroll of vulnerability {unknown}
 o - 5 scrolls of noise {unknown}
 s - a scroll of fog {unknown}
 A - a scroll of fear {unknown}
 F - 8 scrolls of identify {unknown}
 H - a scroll of torment {unknown}
 J - a scroll of enchant weapon {unknown}
 K - a scroll of acquirement {unknown}
 L - a scroll of brand weapon {unknown}
Potions
 b - 3 potions of brilliance {unknown}
 d - a potion of magic
 h - 3 potions of invisibility {unknown}
 i - 5 potions of attraction {unknown}
 m - 2 potions of might {unknown}
 q - 2 potions of cancellation {unknown}
 r - 4 potions of haste
 u - 2 potions of heal wounds {unknown}
 x - 2 potions of resistance {unknown}
 z - 3 potions of degeneration {unknown}
 B - 10 potions of curing {unknown}
 G - 2 potions of lignification {unknown}
 I - a potion of mutation {unknown}


   Skills:
 + Level 3.4 Fighting
 - Level 3.0 Armour
 - Level 3.0 Dodging
 - Level 3.0 Stealth
 * Level 12.1 Spellcasting
 + Level 6.7 Conjurations
 - Level 1.1 Summonings
 - Level 1.1 Translocations
 - Level 1.2 Air Magic
 - Level 1.4 Poison Magic
 - Level 1.1 Evocations


You had 24 spell levels left.
You knew the following spells:

 Your Spells              Type           Power      Damage    Failure   Level
a - Magic Dart            Conj           100%       1d8       1%          1
b - Mephitic Cloud        Conj/Pois/Air  29%        N/A       5%          3
c - Call Imp              Summ           19%        N/A       6%          2
d - Blink                 Tloc           38%        N/A       6%          2

Your spell library contained the following spells:

 Spells                   Type           Power      Damage    Failure   Level
 Momentum Strike          Conj/Tloc      66%        3d9       1%          2
 Slow                     Hex            56%        N/A       6%          1
 Cigotuvi's Dreadful Rot  Necr/Pois/Air  36%        N/A       6%          2
 Lesser Beckoning         Tloc           38%        N/A       12%         3


Dungeon Overview and Level Annotations

Branches:
Dungeon (7/15)             Temple (1/1) D:7           Sewer (visited)
Ossuary (visited)

Altars:
Dithmenos
Elyvilon
Fedhas
Kikubaaqudgha
Makhleb
Nemelex Xobeh
Okawaru
Qazlal
Ru
Sif Muna
Uskayaw
Vehumet
Wu Jian
Xom
Yredelemnul
Zin
The Shining One

Annotations:
D:6 Maggie
D:7 Pikel


Message History

You hit Pikel but do no damage.
Pikel looks as sick as possible!
Pikel is moderately wounded.
Pikel hits you with a +0 whip of electrocution.
Unknown command.
You hit Pikel but do no damage.
Pikel looks as sick as possible!
Pikel is moderately wounded.
Pikel closely misses you.
Unknown command.
You hit Pikel.
Pikel looks as sick as possible!
Pikel is heavily wounded.
Pikel hits you but does no damage.
You hit Pikel.
Pikel is heavily wounded.
Pikel seems less confused.
Pikel hits you with a +0 whip of electrocution.
You are electrocuted!
You hit Pikel.
Pikel is severely wounded.
Pikel hits you but does no damage.
Unknown command.
You hit Pikel but do no damage.
Pikel is severely wounded.
Pikel hits you but does no damage.
Pikel hits you with a +0 whip of electrocution!
* * * LOW HITPOINT WARNING * * *
Unknown command.
Casting: Mephitic Cloud (dangerous; 5% risk of failure)
Confirm with . or Enter, or press ? or * to list all spells.
Aiming: Mephitic Cloud (dangerous; 5% risk of failure)
Press: ? - help, Shift-Dir - straight line, f - Pikel
Aim: Pikel, wielding a +0 whip of electrocution and wearing a +0 robe (severely wounded, extremely poisoned, chance to affect: 72%)
The ball explodes into a vile cloud!
The stinking cloud engulfs Pikel but does no damage.
Pikel is severely wounded.
The stinking cloud engulfs the lemure but does no damage.
The stinking cloud engulfs you but does no damage.
The lemure is engulfed in noxious fumes.
Pikel is engulfed in noxious fumes.
Pikel hits you but does no damage.
You are electrocuted!!
You die...

<...... .......
..?.. #...# #...#
#.55# #5# #K#
#@##### #.....#
#.#
#########.###.#
#.#
#.........###+###
#.#
..######.##.....#
#.# #.##.###.###
#)#
#..'.'>#.+.###)#
####.###.#..##.#
##
#.....##...)###.


You could see Pikel (extremely poisoned) and 3 lemures.

Vanquished Creatures
  Menkaure (D:4)
  Edmund (D:4)
  Duvessa (D:6)
  A black bear (D:5)
  2 ice beasts
  An ogre (D:5)
  A phantom (D:6)
  A lemure (D:7)
  3 kobold brigands
  2 necrophages
  3 scorpions (D:5)
  6 killer bees (D:7)
  A jelly (D:6)
  An orc priest (D:6)
  A gnoll bouda (D:6)
  2 hounds (D:5)
  Crazy Yiuf (D:4)
  9 iguanas
  5 orc wizards
  7 mummies (Ossuary)
  5 gnolls (D:6)
  5 river rats (Sewer)
  6 adders
  A shadow imp (D:6)
  A white imp (D:6)
  2 ufetubi
  3 worms
  4 dart slugs (D:3)
  15 orcs
  7 ball pythons
  9 endoplasms
  6 giant cockroaches
  2 gnoll zombies (Ossuary)
  4 goblins
  5 hobgoblins
  3 jackals (D:2)
  24 kobolds
  3 quokkas
  5 bats
  4 frilled lizards
  A hobgoblin zombie (Ossuary)
  3 orc zombies (Ossuary)
  26 rats
194 creatures vanquished.

Vanquished Creatures (collateral kills)
  Dowan (D:6)
  A mummy (Ossuary)
  A ball python (D:3)
  A hobgoblin zombie (Ossuary)
  A kobold zombie (Ossuary)
5 creatures vanquished.

Grand Total: 199 creatures vanquished

Notes
Turn   | Place    | Note
-------+----------+-------------------------------------------
     0 | D:1      | pokeman the Deep Elf Hedge Wizard began the quest for the
                  | Orb.
     0 | D:1      | Reached XP level 1. HP: 10/10 MP: 7/7
   459 | D:1      | Reached XP level 2. HP: 15/15 MP: 3/9
  1133 | D:2      | Reached skill level 5 in Spellcasting
  1263 | D:2      | Reached XP level 3. HP: 19/20 MP: 3/11
  1273 | D:2      | Learned a level 3 spell: Mephitic Cloud
  1276 | D:2      | Learned a level 2 spell: Call Imp
  1279 | D:2      | Learned a level 2 spell: Blink
  1666 | D:2      | Found a faded altar of an unknown god.
  1812 | D:3      | Reached skill level 1 in Fighting
  1852 | D:3      | Found a sacrificial altar of Ru.
  1861 | D:3      | Found a glowing silver altar of Zin.
  1926 | D:3      | Noticed a necrophage
  1964 | D:3      | Found a glowing drain.
  1974 | Sewer    | Entered a sewer
  2052 | Sewer    | Reached skill level 1 in Armour
  2181 | Sewer    | Reached XP level 4. HP: 25/25 MP: 8/13
  2659 | Sewer    | Noticed a kobold brigand
  2659 | Sewer    | Noticed a kobold brigand
  2667 | Sewer    | Killed a kobold brigand
  2668 | Sewer    | Reached skill level 6 in Spellcasting
  2668 | Sewer    | Reached XP level 5. HP: 23/29 MP: 8/15
  2683 | Sewer    | Reached skill level 1 in Air Magic
  2683 | Sewer    | Reached skill level 1 in Poison Magic
  2683 | Sewer    | Reached XP level 6. HP: 27/34 MP: 10/17
  3082 | D:3      | Reached skill level 7 in Spellcasting
  3989 | D:4      | Found a shadowy altar of Dithmenos.
  4098 | D:4      | Noticed Edmund
  4120 | D:4      | Killed Edmund
  4121 | D:4      | Reached XP level 7. HP: 26/40 MP: 8/20
  4284 | D:4      | Reached skill level 8 in Spellcasting
  4390 | D:4      | Found a basalt altar of Yredelemnul.
  4678 | D:4      | Found a runed translucent door.
  4678 | D:4      | Noticed Menkaure
  4712 | D:4      | Killed Menkaure
  4713 | D:4      | Reached skill level 1 in Evocations
  4837 | D:4      | Noticed Crazy Yiuf
  4850 | D:4      | Killed Crazy Yiuf
  4961 | D:5      | Entered Level 5 of the Dungeon
  5008 | D:5      | Reached skill level 9 in Spellcasting
  5076 | D:5      | Found a sand-covered staircase.
  5085 | Ossuary  | Entered an ossuary
  5127 | Ossuary  | Reached XP level 8. HP: 44/44 MP: 12/23
  5814 | D:5      | Found an ornate altar of the Wu Jian Council.
  5882 | D:5      | Found a shimmering altar of Xom.
  5902 | D:5      | Reached skill level 5 in Conjurations
  6075 | D:5      | Reached skill level 10 in Spellcasting
  6218 | D:5      | Found an iron altar of Okawaru.
  6527 | D:6      | Noticed Duvessa
  6528 | D:6      | Noticed Dowan
  6546 | D:6      | Killed Duvessa
  6564 | D:6      | Reached skill level 11 in Spellcasting
  6568 | D:6      | Killed Dowan
  7002 | D:6      | Reached XP level 9. HP: 49/49 MP: 13/26
  7115 | D:6      | Noticed Maggie
  8244 | D:7      | Reached skill level 12 in Spellcasting
  8379 | D:7      | Found a staircase to the Ecumenical Temple.
  8431 | Temple   | Entered the Ecumenical Temple
  8452 | Temple   | Became a worshipper of Vehumet
  8485 | D:7      | Noticed Pikel
  8510 | D:7      | Slain by Pikel

Illustrated notes

Levels and vault maps discovered:
D:1:      dpeg_arrival_signposts, layout_basic
D:2:      layout_rooms, basic_ecumenical_altar
D:3:      layout_loops_cross, mainiacjoe_overflow_swirl,
          cheibrodos_sewer_entry_sluice
D:4:      layout_loops_ring, mainiacjoe_overflow_six_doors_small,
          overflow_temple_1_default, uniq_edmund, uniq_crazy_yiuf_cottage,
          uniq_menkaure
D:5:      layout_basic, nzn_wu_jian_council_hall,
          mainiacjoe_overflow_tiny_flanked, nicolae_overflow_hidden_temple,
          nicolae_ossuary_entry_plus
D:6:      layout_loops_cross, uniq_duvessa, uniq_maggie
D:7:      layout_loops_ring, minmay_temple_entry_glassed_door, uniq_pikel
Temple:   hellmonk_temple_of_storms

Skill      XL: |  1  2  3  4  5  6  7  8  9 |
---------------+----------------------------+-----
Spellcasting   | 5 6 7 9 11 12 | 12.1
Fighting       | 1 2 3 |  3.4
Conjurations   | 2 3 4 6 |  6.7
Armour         | 1 2 3 |  3.0
Dodging        | 3 |  3.0
Stealth        | 3 |  3.0
Air Magic      | 1 |  1.2
Poison Magic   | 1 |  1.4
Evocations     | 1 |  1.1
Summonings     | |  1.1
Translocations | |  1.1

Action                   |  1- 3 |  4- 6 |  7- 9 || total
-------------------------+-------+-------+-------++-------
Melee: Whip              |    43 |    89 |   171 ||   303
       Punch             |       |     1 |     7 ||     8
Throw: Dart              |       |       |     5 ||     5
 Cast: Magic Dart        |    88 |   101 |   181 ||   370
       Call Imp          |     2 |     3 |     7 ||    12
       Blink             |     2 |     1 |     3 ||     6
       Mephitic Cloud    |     1 |     4 |    27 ||    32
 Stab: Sleeping          |     2 |       |       ||     2
       Confused          |     1 |     3 |    17 ||    21
Armor: Robe              |     4 |       |       ||     4
       Leather armour    |    19 |    59 |    64 ||   142
Dodge: Dodged            |    23 |    63 |   112 ||   198

Table legend: (Time is in decaauts)
 A = Elapsed time spent in this place.
 B = Non-inter-level travel time spent in this place.
 C = Inter-level travel time spent in this place.
 D = Time resting spent in this place.
 E = Time spent auto-exploring this place.
 F = Levels seen in this place.
 G = Mean time per level.
                   A        B        C        D        E       F      G
               +--------+--------+--------+--------+--------+-----+--------+
         Total |   8555 |   8207 |    348 |     24 |   6290 |  10 |  855.5 |
       Dungeon |   6893 |   6564 |    329 |     18 |   5061 |   7 |  984.7 |
        Temple |     41 |     22 |     19 |      0 |      8 |   1 |   41.0 |
         Sewer |   1077 |   1077 |      0 |      6 |    811 |   1 | 1077.0 |
       Ossuary |    543 |    543 |      0 |      0 |    409 |   1 |  543.0 |
               +--------+--------+--------+--------+--------+-----+--------+

Top non-repeatable levels by time:
     D:6: 1475 daAuts
     D:4: 1208 daAuts
     D:1: 1098 daAuts
   Sewer: 1077 daAuts
     D:5: 1017 daAuts
     D:3: 990 daAuts
     D:2: 612 daAuts
 Ossuary: 543 daAuts
     D:7: 489 daAuts
  Temple: 41 daAuts
